 Dungeon Crawl Stone Soup version 0.30.1-4-g462c640d31 (webtiles) character file.

Game seed: 12715846256108594978

595 rvierbuc the Conjurer (level 6, -6/46 HPs)
             Began as a Demigod Conjurer on Aug 20, 2023.
             Mangled by a black bear (7 damage)
             ... on level 4 of the Dungeon.
             The game lasted 00:14:24 (3931 turns).

rvierbuc the Conjurer (Demigod Conjurer)            Turns: 3931, Time: 00:14:24

Health: -6/46      AC:  2    Str:  8    XL:     6   Next: 95%
Magic:  1/14       EV: 12    Int: 28    God:
Gold:   229        SH:  0    Dex: 12    Spells: 5/12 levels left

rFire   . . .        v - +0 falchion
rCold   . . .        (no shield)
rNeg    . . .        a - +0 robe
rPois   .            (no helmet)
rElec   .            (no cloak)
rCorr   .            (no gloves)
SInv    .            (no boots)
Will    .....        (no amulet)
Stlth   ++           (no ring)
HPRegen 0.27/turn    (no ring)
MPRegen 0.14/turn

%: no passive effects
@: no status effects
A: high MP 1, forlorn, divine attributes
a: no special abilities


You were on level 4 of the Dungeon.
You visited 1 branch of the dungeon, and saw 4 of its levels.

You collected 229 gold pieces.

Inventory:

Hand Weapons
 n - a +0 hand axe
 v - a +0 falchion (weapon)
 w - a +0 scythe
 B - a +2 whip of electrocution
Missiles
 l - an atropa-tipped dart (quivered)
 x - 4 javelins
 z - 3 boomerangs
Armour
 a - a +0 robe (worn)
Scrolls
 c - 5 scrolls of identify {unknown}
 e - 3 scrolls of noise {unknown}
 f - a scroll of torment {unknown}
 i - 5 scrolls of teleportation {unknown}
 j - 2 scrolls of immolation {unknown}
 p - a scroll of silence {unknown}
 s - a scroll of fear {unknown}
 t - a scroll of magic mapping {unknown}
 y - a scroll of enchant armour {unknown}
 A - a scroll of acquirement {unknown}
Potions
 b - a potion of magic
 d - 2 potions of mutation {unknown}
 g - 2 potions of haste {unknown}
 h - 2 potions of attraction {unknown}
 k - a potion of ambrosia {unknown}
 m - a potion of heal wounds {unknown}
 q - 2 potions of berserk rage {unknown}
 r - a potion of might {unknown}
 u - a potion of resistance {unknown}


   Skills:
 + Level 0.5 Fighting
 * Level 2.1 Long Blades
 + Level 2.3 Dodging
 + Level 3.0 Stealth
 + Level 3.7 Spellcasting
 + Level 5.8 Conjurations


You had 5 spell levels left.
You knew the following spells:

 Your Spells              Type           Power      Damage    Failure   Level
a - Magic Dart            Conj           100%       1d8       1%          1
b - Searing Ray           Conj           76%        2d7       1%          2
c - Fulminant Prism       Conj/Hex       10%        3d9       22%         4

Your spell library contained the following spells:

 Spells                   Type           Power      Damage    Failure   Level
 Dazzling Flash           Conj/Hex       42%        N/A       7%          3
 Iskenderun's Mystic Bla  Conj/Tloc      21%        2d6       22%         4
 Anguish                  Hex/Necr       2%         N/A       58%         4
 Cause Fear               Hex            2%         N/A       58%         4
 Enfeeble                 Hex            2%         N/A       100%        7


Dungeon Overview and Level Annotations

Branches:
Dungeon (4/15)
 Temple: D:4-7


Innate Abilities, Weirdness & Mutations

You have an increased reservoir of magic. (+10% MP)
You shall have no god before yourself.
Your divine heritage dramatically boosts your attributes as you level up.


Message History

The searing ray hits the black bear.
The black bear is severely wounded.
The black bear bites you. The black bear closely misses you. x2
The searing ray hits the black bear.
The black bear is almost dead.
You finish channelling your searing ray.
The black bear closely misses you.
The black bear claws you but does no damage.
The black bear claws you.
The black bear goes berserk!
Casting: Searing Ray (safe; 1% risk of failure)
Confirm with . or Enter, or press ? or * to list all spells.
Okay, then.
You hit the black bear.
The black bear is almost dead.
The black bear bites you. The black bear claws you.
The black bear barely misses you. The black bear bites you.
The black bear completely misses you. The black bear claws you.
Okay, then.
The black bear closely misses you. x2; The black bear barely misses you.
Okay, then.
You feel better. The black bear bites you!
* * * LOW HITPOINT WARNING * * *
The black bear claws you.
* * * LOW HITPOINT WARNING * * *
The black bear claws you.
* * * LOW HITPOINT WARNING * * *
Okay, then.
Okay, then.
Okay, then.
You are too injured to fight recklessly!
Throw: 2 darts (atropa)
Press: ? - help, Q - select action, (/) - cycle Shift-Dir - straight line, f/p - black bear
Aim: a black bear (almost dead, berserk, 64% to hit, chance to blind on hit: 35%)
You throw an atropa-tipped dart.
The atropa-tipped dart hits the black bear.
The black bear appears confused.
The black bear is almost dead.
The black bear bites you!
You die...

####... ### ##..
#####.# #..
#>....# #..
#..##.##########..
#..............'..
#.###.##########..
#.# #.# #..
#@###.# ###
#h#...# #.###.#
#.# #.#######
##)###.......#
#.......####...
#.......#
#.......#
#.......#


You could see a black bear (berserk, confused, blind).

Vanquished Creatures
  Sigmund (D:3)
  A phantom (D:4)
  A scorpion (D:4)
  A crimson imp (D:3)
  A jelly (D:4)
  2 hounds (D:4)
  Jessica (D:3)
  An iguana (D:4)
  5 adders
  3 worms
  3 dart slugs
  3 orcs
  4 ball pythons
  5 endoplasms
  4 giant cockroaches
  2 goblins
  4 hobgoblins
  4 jackals (D:2)
  4 quokkas
  4 bats
  4 frilled lizards
  3 kobolds
  2 rats
63 creatures vanquished.

Notes
Turn   | Place    | Note
-------+----------+-------------------------------------------
     0 | D:1      | rvierbuc the Demigod Conjurer began the quest for the Orb.
     0 | D:1      | Reached XP level 1. HP: 14/14 MP: 5/5
   285 | D:1      | Reached skill level 4 in Conjurations
   716 | D:2      | Reached XP level 2. HP: 20/20 MP: 1/7
   778 | D:2      | Learned a level 2 spell: Searing Ray
   871 | D:2      | Reached XP level 3. HP: 18/26 MP: 0/8
  2057 | D:3      | Noticed Jessica
  2062 | D:3      | Killed Jessica
  2063 | D:3      | Reached XP level 4. HP: 28/33 MP: 4/9
  2527 | D:3      | Noticed Sigmund
  2533 | D:3      | Killed Sigmund
  2534 | D:3      | Reached skill level 1 in Long Blades
  2534 | D:3      | Reached skill level 5 in Conjurations
  2534 | D:3      | Reached XP level 5. HP: 33/39 MP: 2/12
  3179 | D:3      | Reached XP level 6. HP: 46/46 MP: 9/13
  3298 | D:3      | Learned a level 4 spell: Fulminant Prism
  3930 | D:4      | HP: 1/46 [black bear (5)]
  3931 | D:4      | Mangled by a black bear

Illustrated notes

Levels and vault maps discovered:
D:1:      roderic_crossed_star, layout_rooms, serial_forest,
          infiniplex_forest_clump_small, infiniplex_forest_lined_ring,
          infiniplex_forest_lined_1, infiniplex_forest_corner_2,
          infiniplex_forest_join, infiniplex_forest_straight_2,
          infiniplex_forest_split, infiniplex_forest_end_1,
          shapermc_ecumenical_altar_acropolis
D:2:      layout_basic, serial_curves, eino_curves_02, eino_curves_01,
          minmay_misc_feat_columns, feat_on_display
D:3:      layout_loops_corners, grunt_temple_overflow_lords_of_destruction,
          uniq_jessica, uniq_sigmund
D:4:      layout_basic, kennysheep_little_box, glass_columns_a,
          nicolae_shop_firing_range

Skill      XL: |  1  2  3  4  5  6 |
---------------+-------------------+-----
Conjurations   | 4 5 |  5.8
Stealth        | 2 3 |  3.0
Dodging        | 2 |  2.3
Spellcasting   | 2 3 |  3.7
Long Blades    | 1 2 |  2.1
Fighting       | |  0.5

Action                     |  1- 3 |  4- 6 || total
---------------------------+-------+-------++-------
  Melee: Unarmed           |     9 |       ||     9
         Hand axe          |   133 |       ||   133
         Punch             |     2 |       ||     2
         Falchion          |       |     5 ||     5
  Throw: Dart              |       |     1 ||     1
   Cast: Magic Dart        |    52 |    75 ||   127
         Searing Ray       |     7 |    11 ||    18
    Use: Potion            |       |     1 ||     1
 Armour: Robe              |     7 |     4 ||    11
  Dodge: Dodged            |    21 |    15 ||    36
